 Dungeon Crawl Stone Soup version 0.30.1-9-gdf580d7c3d (webtiles) character file.

Game seed: 17264878958143645075

98 tizbic2 the Caller (level 4, 0/42 HPs)
             Began as an Ogre Summoner on Sept 25, 2023.
             Slain by a cerulean imp
             ... wielding a +0 spear
             ... summoned by Natasha
              (5 damage)
             ... on level 4 of the Dungeon.
             The game lasted 00:15:37 (2856 turns).

tizbic2 the Caller (Ogre Summoner)                  Turns: 2856, Time: 00:15:39

Health: 0/42       AC:  3    Str: 12    XL:     4   Next: 69%
Magic:  3/8        EV:  9    Int: 24    God:
Gold:   134        SH:  0    Dex:  9    Spells: 6/9 levels left

rFire   . . .        d - +0 whip (venom)
rCold   . . .        (no shield)
rNeg    . . .        a - +0 robe
rPois   .            (helmet restricted)
rElec   .            (no cloak)
rCorr   .            (gloves unavailable)
SInv    .            (boots unavailable)
Will    .....        (no amulet)
Stlth   +            c - +6 ring of intelligence
HPRegen 0.27/turn    (no ring)
MPRegen 0.11/turn

%: no passive effects
@: slowed, very slow
A: large, unfitting armour, tough skin 1
a: no special abilities


You were on level 4 of the Dungeon.
You visited 1 branch of the dungeon, and saw 4 of its levels.

You collected 134 gold pieces.

Inventory:

Hand Weapons
 d - a +0 whip of venom (weapon)
 i - a +0 sling
 r - a +0 war axe
Missiles
 f - 10 boomerangs
Armour
 a - a +0 robe (worn)
Jewellery
 c - a +6 ring of intelligence (left hand)
Wands
 l - a wand of roots (8)
Scrolls
 e - a scroll of torment {unknown}
 g - 2 scrolls of teleportation
 h - a scroll of immolation {unknown}
 j - a scroll of enchant armour {unknown}
 n - a scroll of vulnerability
 o - a scroll of amnesia {unknown}
 p - a scroll of noise {unknown}
 q - 2 scrolls of identify
Potions
 b - a potion of magic
 k - 2 potions of heal wounds
 m - 2 potions of cancellation


   Skills:
 + Level 1.7 Fighting
 - Level 1.7 Dodging
 - Level 1.4 Stealth
 + Level 3.1 Spellcasting
 * Level 4.2 Summonings
 * Level 2.1 Air Magic


You had 6 spell levels left.
You knew the following spells:

 Your Spells              Type           Power      Damage    Failure   Level
a - Summon Small Mammal   Summ           96%        N/A       1%          1
b - Poisonous Vapours     Pois/Air       16%        N/A       11%         2

Your spell library contained the following spells:

 Spells                   Type           Power      Damage    Failure   Level
 Call Imp                 Summ           48%        N/A       2%          2
 Call Canine Familiar     Summ           24%        N/A       5%          3
 Sting                    Tmut/Pois      12%        1d3       11%         1
 Summon Guardian Golem    Hex/Summ       14%        N/A       13%         3
 Summon Lightning Spire   Summ/Air       19%        N/A       28%         4
 Gell's Gravitas          Tloc           3%         N/A       32%         3
 Teleport Other           Tloc           3%         N/A       32%         3
 Olgreb's Toxic Radiance  Pois           3%         N/A       71%         4
 Dispersal                Tloc           1%         N/A       100%        6


Dungeon Overview and Level Annotations

Branches:
Dungeon (4/15)
 Temple: D:4-7

Altars:

Annotations:
D:4 Natasha


Innate Abilities, Weirdness & Mutations

You are too large for most types of armour.
You have tough skin. (AC +1)


Message History

The cerulean imp hits you from afar with a +0 spear.
The cerulean imp completely misses you. The cerulean imp barely misses you.
There is an open door here.
The cerulean imp hits you from afar with a +0 spear.
The cerulean imp barely misses you.
You close the door.
A cerulean imp breaks down the door.
The cerulean imp hits you from afar with a +2 spear.
The cerulean imp closely misses you.
Casting: Poisonous Vapours (safe; 11% risk of failure)
Confirm with . or Enter, or press ? or * to list all spells.
Aiming: Poisonous Vapours (safe; 11% risk of failure)
Press: ? - help, Dir - move target, f/p - Natasha
Aim: Natasha (heavily wounded) Poisonous vapours surround Natasha!
Natasha is poisoned.
Natasha casts a spell at you. The magic dart hits you!
The cerulean imp closely misses you.
The cerulean imp hits you from afar with a +0 spear.
The cerulean imp barely misses you.
Casting: Poisonous Vapours (safe; 11% risk of failure)
Confirm with . or Enter, or press ? or * to list all spells.
The cerulean imp hits you from afar with a +0 spear.
Natasha barely misses you.
The cerulean imp hits you from afar with a +2 spear.
The cerulean imp hits you but does no damage.
Casting: Summon Small Mammal (safe; 1% risk of failure)
Confirm with . or Enter, or press ? or * to list all spells.
Natasha claws you.
* * * LOW HITPOINT WARNING * * *
The cerulean imp hits you from afar with a +2 spear.
* * * LOW HITPOINT WARNING * * *
The cerulean imp barely misses you. Natasha barely misses you.
The cerulean imp hits you from afar with a +2 spear.
* * * LOW HITPOINT WARNING * * *
You hit Natasha but do no damage.
Natasha is heavily wounded.
Your bat barely misses the cerulean imp.
Your bat hits Natasha but does no damage.
Your quokka barely misses Natasha.
The cerulean imp hits you from afar with a +0 spear.
You die...

#.....#####.....#.....##....
#.....#...#.....#...........
#.....#...#.....#...........
#.....#...#.....+...........
#.....#...#.....#.....###...
#.....#...#.....#.....# #...
#.....#...#.....#...........
#.....#...#r....#...........
#.....#..5h@....+...........
#.....#..5#.....# .####..#
#######...#.....# #..#
#........#.....# ..
#........#.....#
#...######.....# #...
......'. #.. ......#. #..


You could see Natasha (distracted, poisoned, ally target), 2 cerulean imps and a
friendly quokka (summoned).

Vanquished Creatures
  3 adders (D:3)
  A worm (D:2)
  4 dart slugs
  3 ball pythons
  4 endoplasms
  A giant cockroach (D:3)
  2 goblins
  3 hobgoblins
  2 jackals (D:2)
  A quokka (D:1)
  2 bats
  2 frilled lizards (D:3)
  2 kobolds
  2 rats
32 creatures vanquished.

Vanquished Creatures (collateral kills)
  A dart slug (D:1)
  2 orcs (D:3)
  3 endoplasms
  2 giant cockroaches
  A goblin (D:2)
  2 hobgoblins (D:3)
  2 jackals (D:2)
  A quokka (D:1)
  4 bats
  A frilled lizard (D:1)
  A rat (D:2)
20 creatures vanquished.

Grand Total: 52 creatures vanquished

Notes
Turn   | Place    | Note
-------+----------+-------------------------------------------
     0 | D:1      | tizbic2 the Ogre Summoner began the quest for the Orb.
     0 | D:1      | Reached XP level 1. HP: 16/16 MP: 3/3
    78 | D:1      | Reached XP level 2. HP: 20/26 MP: 2/5
   427 | D:1      | Found a faded altar of an unknown god.
   575 | D:1      | Reached skill level 1 in Air Magic
   926 | D:2      | Learned a level 2 spell: Poisonous Vapours
  1055 | D:2      | Reached skill level 1 in Fighting
  1077 | D:2      | Reached XP level 3. HP: 19/33 MP: 1/7
  1387 | D:2      | Reached skill level 4 in Summonings
  1947 | D:3      | Reached XP level 4. HP: 41/41 MP: 5/8
  2843 | D:4      | Noticed Natasha
  2856 | D:4      | Slain by a cerulean imp

Illustrated notes

Levels and vault maps discovered:
D:1:      minmay_arrival_diagonal_passages, layout_loops_corners,
          chequers_ecumenical_altar_island, chequers_serial_rivers_micro_c
D:2:      layout_loops_cross, nrook_campfire
D:3:      layout_basic
D:4:      layout_gridville, uniq_pikel, uniq_natasha

Skill      XL: |  1  2  3  4 |
---------------+-------------+-----
Air Magic      | 1 2 |  2.1
Fighting       | 1 |  1.7
Summonings     | 4 |  4.2
Spellcasting   | 3 |  3.1
Dodging        | |  1.7
Stealth        | |  1.4

Action                     |  1- 3 |  4- 6 || total
---------------------------+-------+-------++-------
  Melee: Falchion          |    15 |       ||    15
         Hand axe          |    25 |       ||    25
         Whip              |       |    36 ||    36
   Fire: Sling             |    46 |       ||    46
   Cast: Summon Small Mamm |    31 |    13 ||    44
         Poisonous Vapours |     6 |     6 ||    12
    Use: Scroll            |     4 |       ||     4
   Stab: Sleeping          |     1 |     1 ||     2
 Armour: Robe              |    26 |    17 ||    43
  Dodge: Dodged            |    59 |    25 ||    84
